 Dungeon Crawl Stone Soup version 0.24.0-123-gd5b16e6ec5 (webtiles) character file.

Game seed: 7649808051531834511, levelgen mode: deterministic

85 Martska the Chiller (level 4, -2/33 HPs)
             Began as a Merfolk Ice Elementalist on Jan 31, 2020.
             Slain by an ogre
             ... wielding a cursed -1 giant club
              (19 damage)
             ... on level 2 of the Dungeon.
             The game lasted 00:04:24 (2159 turns).

Martska the Chiller (Merfolk Ice Elementalist)      Turns: 2159, Time: 00:04:25

Health: -2/33      AC:  3    Str:  8    XL:     4   Next: 48%
Magic:  1/8        EV: 13    Int: 14    God:
Gold:   69         SH:  0    Dex: 15    Spells: 0/8 levels left

rFire    . . .     SeeInvis .   b - +0 whip
rCold    . . .     Gourm    .   (no shield)
rNeg     . . .     Faith    .   i - +0 leather armour
rPois    .         Spirit   .   (no helmet)
rElec    .         Reflect  .   (no cloak)
rCorr    .         Harm     .   (no gloves)
MR       .....                  (no boots)
Stlth    ++........             (no amulet)
HPRegen  0.11/turn              (no ring)
MPRegen  0.11/turn              (no ring)

@: very slightly contaminated
A: change form in water, swift swim, stealthy swim
a: no special abilities


You were on level 2 of the Dungeon.
You were not hungry.

You visited 1 branch of the dungeon, and saw 2 of its levels.

You collected 69 gold pieces.

Inventory:

Hand Weapons
 b - a +0 whip (weapon)
Armour
 a - a +0 robe
 i - a +0 leather armour (worn)
Scrolls
 c - a scroll of enchant armour {unknown}
 e - a scroll of remove curse {unknown}
 f - a scroll of fear {unknown}
 h - a scroll of magic mapping {unknown}
 j - 2 scrolls of teleportation {unknown}
 k - a scroll of identify {unknown}
Potions
 d - a potion of might {unknown}
 l - a potion of heal wounds {unknown}
Comestibles
 g - a ration


   Skills:
 + Level 1.9 Fighting
 + Level 3.8 Dodging
 - Level 2.1 Stealth
 + Level 2.7 Spellcasting
 - Level 0.7 Conjurations
 + Level 0.0 Charms
 + Level 4.0 Ice Magic


You couldn't memorise any spells.
You knew the following spells:

 Your Spells              Type           Power        Failure   Level  Hunger
a - Freeze                Ice            ##..         6%          1    #......
b - Ozocubu's Armour      Chrm/Ice       #.......     38%         3    ###....
c - Throw Icicle          Conj/Ice       #.......     77%         4    #####..

Your spell library contained the following spells:

 Spells                   Type           Power        Failure   Level  Hunger
 Throw Frost              Conj/Ice       #.....       19%         2    ###....
 Summon Ice Beast         Ice/Summ       #.......     80%         4    #####..


Dungeon Overview and Level Annotations

Branches:
Dungeon (2/15)

Altars:


Message History

You freeze the ogre.
The ogre is heavily wounded.
The ogre hits you with a cursed -1 giant club.
Casting: Freeze (safe; 6% risk of failure)
Confirm with . or Enter, or press ? or * to list all spells.
Aiming: Freeze (safe; 6% risk of failure)
Press: ? - help, Shift-Dir - straight line, f/p - ogre
Aim: an ogre, wielding a -1 giant club (heavily wounded)
You freeze the ogre.
The ogre is heavily wounded.
Casting: Freeze (safe; 6% risk of failure)
Confirm with . or Enter, or press ? or * to list all spells.
Aiming: Freeze (safe; 6% risk of failure)
Press: ? - help, Shift-Dir - straight line, f/p - ogre
Aim: an ogre, wielding a -1 giant club (heavily wounded)
You freeze the ogre.
The ogre is severely wounded.
The ogre hits you with a cursed -1 giant club!!
Ouch! That really hurt!
You die...

.†##..# #.#..#### #†##..#
#....######.# .#
#.##..###.#.........# .#
.((..........#.#######'##
#)#######.#.#.## #...## #.#
##...## ##.....## #.#
#####..######.......#
..#####.........##.........
........(.......@O)........
#######.###...#.##.........
# # #..##.###.......#
#.###.# ##.....## ... ..#
#...## ###. ### #'## #. .#
.#


You could see an ogre.

Vanquished Creatures
  3 gnolls (D:2)
  2 dart slugs (D:1)
  5 leopard geckos
  A ball python (D:1)
  2 giant cockroaches (D:2)
  8 goblins
  5 hobgoblins (D:1)
  2 jackals (D:1)
  4 bats (D:1)
  4 frilled lizards (D:1)
  6 kobolds
  6 rats
48 creatures vanquished.

Notes
Turn   | Place    | Note
-------+----------+-------------------------------------------
     0 | D:1      | Martska the Merfolk Ice Elementalist began the quest for
                  | the Orb.
     0 | D:1      | Reached XP level 1. HP: 13/13 MP: 3/3
   119 | D:1      | Reached XP level 2. HP: 3/20 MP: 0/5
   878 | D:1      | Reached skill level 1 in Fighting
   930 | D:1      | Reached XP level 3. HP: 18/26 MP: 3/6
  1753 | D:2      | Reached XP level 4. HP: 32/32 MP: 4/7
  1771 | D:2      | Reached skill level 4 in Ice Magic
  2117 | D:2      | Learned a level 3 spell: Ozocubu's Armour
  2122 | D:2      | Learned a level 4 spell: Throw Icicle
  2145 | D:2      | Noticed an ogre
  2159 | D:2      | Slain by an ogre

Levels and vault maps discovered:
D:1:      psy_arrival_fountain, layout_basic,
          hangedman_abyss_or_decor_lesser_grid,
          wander_ebering_terrifying_dragon_lair
D:2:      layout_loops_corners

Skill      XL: |  1  2  3  4 |
---------------+-------------+-----
Dodging        | 3 |  3.8
Fighting       | 1 |  1.9
Ice Magic      | 4 |  4.0
Stealth        | |  2.1
Spellcasting   | |  2.7
Conjurations   | |  0.7

Action                   |  1- 3 |  4- 6 || total
-------------------------+-------+-------++-------
Melee: Unarmed           |    12 |       ||    12
       Whip              |    90 |    16 ||   106
 Cast: Freeze            |    35 |    15 ||    50
 Stab: Sleeping          |     2 |       ||     2
  Eat: Ration            |     1 |     1 ||     2
Armor: Robe              |    22 |       ||    22
       Leather armour    |     8 |       ||     8
Dodge: Dodged            |   101 |    19 ||   120
